 Dungeon Crawl Stone Soup version 0.31.0-11-ge490571c62 (webtiles) character file.

Game seed: 1396051712639165620

266 Sobieck the Ruffian (level 6, -9/56 HPs)
             Began as a Naga Shapeshifter on Jan 27, 2024.
             Splashed by a jelly's acid (11 damage)
             ... on level 3 of the Dungeon.
             The game lasted 00:06:49 (2860 turns).

Sobieck the Ruffian (Naga Shapeshifter)             Turns: 2860, Time: 00:06:49

Health: -9/56      AC: -7    Str: 19    XL:     6   Next: 20%
Magic:  6/6        EV:  8    Int: 10    God:
Gold:   192        SH:  0    Dex: 10    Spells: 5/5 levels left

rFire   . .          .
                       - Unarmed
rCold   . . .        (no shield)
rNeg    . . .        o - +0 ring mail
rPois   +            (helmet currently unavailable)
rElec   .            (cloak currently unavailable)
rCorr   .            (gloves currently unavailable)
SInv    +            (no barding)
Will    .....        r - amulet of regeneration Stlth
                     (no ring)
HPRegen 1.09/turn    (no ring)
MPRegen 0.10/turn

%: no passive effects
@: beast-form, corroded, very slow
A: beast (slay +2), AC +2, large, see invisible, deformed body, poison
resistance, slowness 2, spit poison 1, naga tail 1
a: Spit Poison, Begin Untransformation


You were on level 3 of the Dungeon.
You were a hulking beast.
You visited 1 branch of the dungeon, and saw 4 of its levels.

You collected 192 gold pieces.

Inventory:

Missiles
 j - 15 stones
 k - 7 poisoned darts
 t - 2 boomerangs
Armour
 a - a +0 animal skin
 e - a +0 cloak
 o - a +0 ring mail (worn)
 x - a +1 helmet
Jewellery
 r - an amulet of regeneration (around neck)
Talismans
 c - a beast talisman
 d - a flux talisman
Scrolls
 f - a scroll of immolation {unknown}
 g - a scroll of poison {unknown}
 h - 3 scrolls of revelation {unknown}
 l - a scroll of acquirement {unknown}
 m - 2 scrolls of identify {unknown}
 p - a scroll of teleportation {unknown}
 s - a scroll of fog {unknown}
 u - a scroll of fear {unknown}
 v - a scroll of enchant weapon {unknown}
 y - a scroll of brand weapon {unknown}
Potions
 b - 2 potions of lignification
 i - 5 potions of curing {unknown}
 n - a potion of mutation {unknown}
 q - 2 potions of attraction {unknown}
 w - a potion of enlightenment {unknown}
 z - a potion of cancellation {unknown}
 A - a potion of haste {unknown}
 B - a potion of brilliance {unknown}


   Skills:
 + Level 3.0 Fighting
 - Level 1.5 Dodging
 * Level 5.2 Unarmed Combat
 + Level 4.0 Shapeshifting


You had 5 spell levels left.
You didn't know any spells.
Your spell library contained the following spells:

 Spells                   Type           Power      Damage    Failure   Level
 Magic Dart               Conj           0%         1d3       54%         1
 Blink                    Tloc           0%         N/A       69%         2
 Call Imp                 Summ           0%         N/A       69%         2


Dungeon Overview and Level Annotations

Branches:
Dungeon (4/15)
 Temple: D:4-7

Altars:
Yredelemnul

Annotations:
D:3 1 runed translucent door


Innate Abilities, Weirdness & Mutations

You are a hulking beast.
Your limbs bulge with bestial killing power. (Slay +2)
Your serpentine skin is tough. (AC +2)
You have supernaturally acute eyesight. (SInv)
Armour fits poorly on your strangely shaped body.
Your system is resistant to poisons. (rPois)
You cover ground very slowly.
You can spit poison.
You have a snake-like lower body.


Message History

Items here: )))) [.
There is a stone staircase leading down here.
You climb downwards.
The jelly quivers.
The goblin shouts!
Found 19 gold pieces.
Found two stone staircases leading down.
There is a stone staircase leading up here.
There are monsters nearby!
Unknown command.
Unknown command.
Unknown command.
A jackal comes into view.
The splash of poison hits the jelly.
The jelly completely resists.
A jackal comes into view.
The jelly hits you. The acid corrodes you!
You are splashed with acid!
You climb upwards.
Level annotation: 1 runed translucent door
There is a stone staircase leading down here.
Unknown command.
Unknown command.
You hit the jelly.
Your hands burn!
The jelly is lightly wounded.
You have got your breath back.
You punch the jelly!
Your hands burn!
The jelly is severely wounded.
The jelly hits you. The acid corrodes you!
You are splashed with acid!
You are too injured to fight recklessly!
You are too injured to fight recklessly!
Unknown command.
You hit the jelly.
Your hands burn!
The jelly is almost dead.
The jelly hits you. The acid corrodes you!
You are splashed with acid!
Unknown command.
You hit the jelly but do no damage.
Your hands burn!
* * * LOW HITPOINT WARNING * * *
The jelly is almost dead.
The jelly hits you.
* * * LOW HITPOINT WARNING * * *
The acid corrodes you!
You are splashed with acid!
* * * LOW HITPOINT WARNING * * *
Unknown command.
Unknown command.
You hit the jelly but do no damage.
Your hands burn!
* * * LOW HITPOINT WARNING * * *
The jelly is almost dead.
The jelly hits you.
* * * LOW HITPOINT WARNING * * *
You are splashed with acid!
You die...

#.##.# ##.########## #####
#.##.# #.).....# #....
#.##.# #######.######.###
#.##.######..............#
#.##..................####
#.#########.#####.###.# #.#
#.# #.# #.# #.# #J# #.# #.#
## #.# #h#####.###.# #.
#.#########........##.#####.
#.#..........####..##.......
######.#.#######.###
#......####. #......#.##
#...# ##.###.# #.
#.###.....# ###.# #.# #.# ##
#.#.....#.# #.# #.# #.# #
#.#.#.....# #.####.# #.# #
#.......### #......# #.## #


You could see a jelly.

Vanquished Creatures
  A hound (D:3)
  A human skeleton (D:3)
  Natasha (twice) (D:3)
  Robin (D:2)
  3 gnolls (D:3)
  4 adders (D:3)
  A dart slug (D:3)
  4 orcs (D:3)
  2 bats
  7 endoplasms
  3 giant cockroaches
  13 goblins
  10 hobgoblins
  6 jackals
  3 kobolds
  4 quokkas
  4 ball pythons
  A frilled lizard (D:1)
  A goblin zombie (D:3)
  A jackal zombie (D:3)
  3 rats
75 creatures vanquished.

Notes
Turn   | Place    | Note
-------+----------+-------------------------------------------
     0 | D:1      | Sobieck the Naga Shapeshifter began the quest for the Orb.
     0 | D:1      | Reached XP level 1. HP: 18/18 MP: 1/1
    50 | D:1      | Reached XP level 2. HP: 25/25 MP: 2/2
   339 | D:1      | Reached XP level 3. HP: 31/31 MP: 3/3
   889 | D:2      | Noticed Robin
  1412 | D:2      | Killed Robin
  1413 | D:2      | Reached skill level 4 in Unarmed Combat
  1413 | D:2      | Reached XP level 4. HP: 27/39 MP: 4/4
  1644 | D:2      | Found a faded altar of an unknown god.
  1836 | D:3      | Noticed a human
  1837 | D:3      | Found a runed translucent door.
  2099 | D:3      | Found a basalt altar of Yredelemnul.
  2150 | D:3      | Reached XP level 5. HP: 41/46 MP: 5/5
  2554 | D:3      | Noticed Natasha
  2559 | D:3      | Killed Natasha
  2560 | D:3      | Reached skill level 5 in Unarmed Combat
  2560 | D:3      | Reached XP level 6. HP: 54/55 MP: 6/6
  2695 | D:3      | Noticed Natasha
  2709 | D:3      | Killed Natasha
  2710 | D:3      | Reached skill level 3 in Fighting
  2860 | D:3      | HP: 2/56 [jelly (2)]
  2860 | D:3      | Splashed by a jelly's acid

Illustrated notes

Levels and vault maps discovered:
D:1:      minmay_arrival_doors, layout_rooms, st_stairs_11,
          serial_bayou_lagoon_a
D:2:      layout_basic, shapermc_ecumenical_altar_mp_vishouse, uniq_robin
D:3:      layout_loops_ring, dk_yredelemnul_ordeal, guppyfry_early_lair_pool,
          uniq_natasha
D:4:      layout_cave_pools, uniq_eustachio

Skill      XL: |  1  2  3  4  5  6 |
---------------+-------------------+-----
Fighting       | 2 3 |  3.0
Unarmed Combat | 4 5 |  5.2
Shapeshifting  | 4 |  4.0
Dodging        | |  1.5

Action                     |  1- 3 |  4- 6 || total
---------------------------+-------+-------++-------
  Melee: Unarmed           |    77 |    96 ||   173
         Punch             |       |     2 ||     2
Ability: Spit Poison       |    20 |    13 ||    33
 Armour: Animal skin       |    25 |       ||    25
         Ring mail         |    29 |    83 ||   112
  Dodge: Dodged            |    37 |    32 ||    69
